 Dungeon Crawl Stone Soup version 0.28.0-62-gf88900778d (webtiles) character file.

Game seed: 10143593043866680212

1514361 cbfl8 the Minotaur Barricade (level 27, 266/266 (273) HPs)
             Began as a Minotaur Berserker on Apr 30, 2023.
             Was a Priest of Trog.
             Escaped with the Orb
             ... and 3 runes!
             The game lasted 02:53:24 (91877 turns).

cbfl8 the Minotaur Barricade (Minotaur Berserker)  Turns: 91877, Time: 02:53:25

HP:   266/266 (273) AC: 53    Str: 21    XL:     27
MP:   22/22         EV: 17    Int: 22    God:    Trog [***...]
Gold: 8908          SH: 37    Dex: 33    Spells: 26/26 levels left

rFire   + + +      SeeInvis +   H - +8 broad axe of Suyfeduf {vorpal, rElec Dex+4}
rCold   + + .      Faith    .   n - +7 tower shield
rNeg    . . .      Spirit   .   B - +8 crystal plate armour of Asewia {rF+ rC+ Int+4 SInv}
rPois   +          Reflect  .   L - +2 hat
rElec   +          Harm     .   A - +2 cloak {rPois}
rCorr   .          Rampage  .   O - +2 pair of gloves
Will    +++..      Clarity  +   o - +2 pair of boots {Stlth+}
Stlth   +.........              N - dreamshard necklace {*Dream Drain}
HPRegen 0.54/turn               s - ring "Ugruekheo" {Fly rF++ Str-4 Int+6 Dex+4}
MPRegen 0.18/turn               a - ring of Tatixy {rC+ Will+ Str-4 Int+8 Dex+6}

@: flying, studying 3 skills, lightly drained
A: horns 2, retaliatory headbutt, clarity, deterioration 1, mutation resistance
1, strong 1
0: Orb of Zot
}: 3/15 runes: barnacled, silver, gossamer
a: Renounce Religion, Berserk, Trog's Hand


You escaped.
You worshipped Trog.
Trog was most pleased with you.
You visited 10 branches of the dungeon, and saw 53 of its levels.
You visited 1 bazaar.
You also visited: Bailey, Ice Cave and Wizlab.

You collected 11039 gold pieces.
You spent 2131 gold pieces at shops.

Inventory:

Hand Weapons
 H - the +8 broad axe of Suyfeduf (weapon) {vorpal, rElec Dex+4}
   (Trog gifted it to you on level 2 of the Spider Nest)

   It inflicts extra damage upon your enemies.
   Dex:       It affects your dexterity (+4).
   rElec:     It insulates you from electricity.
Armour
 n - a +7 tower shield (worn)
 o - a +2 pair of boots of stealth (worn)
 A - a +2 cloak of poison resistance (worn)
 B - the +8 crystal plate armour of Asewia (worn) {rF+ rC+ Int+4 SInv}
   (You acquired it on level 4 of the Lair of Beasts)

   Int:       It affects your intelligence (+4).
   rF:        It protects you from fire.
   rC:        It protects you from cold.
   SInv:      It lets you see invisible.
 L - a +2 hat (worn)
 O - a +2 pair of gloves (worn)
Jewellery
 a - the ring of Tatixy (right hand) {rC+ Will+ Str-4 Int+8 Dex+6}
   (You bought it in a shop in a bazaar)

   [ring of dexterity]

   Str:       It affects your strength (-4).
   Int:       It affects your intelligence (+8).
   Dex:       It affects your dexterity (+6).
   rC:        It protects you from cold.
   Will:      It increases your willpower.
 m - the amulet of the Four Winds {rN+ Will+++ Clar}
   (You bought it in a shop on level 3 of the Shoals)

   [amulet of nothing]

   rN:        It protects you from negative energy.
   Clar:      It protects you against confusion.
   Will:      It greatly increases your willpower.
 s - the ring "Ugruekheo" (left hand) {Fly rF++ Str-4 Int+6 Dex+4}
   (You took it off a merfolk javelineer on level 4 of the Shoals)

   [ring of intelligence]

   Str:       It affects your strength (-4).
   Int:       It affects your intelligence (+6).
   Dex:       It affects your dexterity (+4).
   rF:        It greatly protects you from fire.
   Fly:       It grants you flight.
 v - the ring of the Shining Light {rC+ Int+4 Stlth+}
   (You took it off a deep elf zephyrmancer on level 2 of the Elven Halls)

   [ring of protection from cold]

   Int:       It affects your intelligence (+4).
   rC:        It protects you from cold.
   Stlth:     It makes you more stealthy.
 N - the dreamshard necklace (around neck) {*Dream Drain}
   (You took it off a deep elf master archer on level 3 of the Elven Halls)

   [amulet of nothing]

   It shatters if its wearer takes lethal or near-lethal damage, preventing the
   blow and releasing protective dreams that heal and fight for the wearer.
   Drain:     It drains your maximum health when unequipped.
Wands
 b - a wand of flame (157)
 g - a wand of digging (5) (quivered)
 z - a wand of polymorph (18)
 D - a wand of acid (24)
 G - a wand of iceblast (53)
 J - a wand of mindburst (35)
 U - a wand of paralysis (21)
 X - a wand of charming (13)
Scrolls
 e - 12 scrolls of fog
 f - a scroll of summoning
 k - 5 scrolls of teleportation
 t - 12 scrolls of fear
 y - 2 scrolls of silence
 M - 4 scrolls of enchant weapon
 S - 6 scrolls of holy word
Potions
 c - 4 potions of magic
 d - 8 potions of curing
 l - 5 potions of resistance
 p - 11 potions of ambrosia
 u - 6 potions of invisibility
 w - 6 potions of might
 C - 6 potions of cancellation
 E - 6 potions of berserk rage
 R - 5 potions of haste
 T - 4 potions of mutation
Miscellaneous
 h - a lightning rod (4/4)
 x - a phantom mirror
 F - a phial of floods
 V - a tin of tremorstones (2/2)
 W - a box of beasts
 Y - a condenser vane


   Skills:
 O Level 27 Fighting
 O Level 27 Axes
 O Level 27 Armour
 * Level 14.7 Dodging
 * Level 13.8 Stealth
 O Level 27 Shields
 + Level 14.8 Evocations


You had 26 spell levels left.
You didn't know any spells.
Your spell library was empty.

Dungeon Overview and Level Annotations

Branches:
Dungeon (15/15)            Temple (0/1) D:5            Lair (6/6) D:9
 Shoals (4/4) Lair:3       Spider (4/4) Lair:4        Slime (5/5) Lair:5
    Orc (2/2) D:11            Elf (3/3) Orc:2        Vaults (5/5) D:14
  Crypt (0/3) Vaults:3     Depths (4/4) D:15            Zot (5/5) Depths:4
 Bailey (visited)           IceCv (visited)          WizLab (visited)

Altars:
Cheibriados
Elyvilon
Fedhas
Gozag
Kikubaaqudgha
Nemelex Xobeh
Okawaru
Uskayaw
Wu Jian
Beogh

Shops:
D:2 [   D:6 [   D:9 *   D:12 *   Orc:2 ([*:   Shoals:3 (=(   Shoals:4 =
Vaults:2 (*:*   Vaults:3 !   Vaults:4 *   Zot:2 *   Depths:1 =:=

Portals:
Hell: Depths:1 Depths:2 Depths:3 Depths:4
Abyss: Vaults:3 Depths:3
Pandemonium: Depths:2
Ziggurat: Depths:4
Trove: D:15 (show slimy rune of Zot)

Annotations:
D:5 2 transporters, Coron's ghost, weakling DDDe
D:12 2 transporters, Hector's ghost, journeyman DjWz
Vaults:3 2 transporters, Droegar's ghost, adept MiBe
Vaults:4 2 runed translucent doors, dolemite99's ghost, veteran DrFE
Zot:2 3 runed translucent doors, exclusion: obsidian statue, Ytatz's ghost, veteran CeHu


Innate Abilities, Weirdness & Mutations

You have a pair of horns on your head.
You reflexively headbutt those who attack you in melee.
You possess an exceptional clarity of mind.
Your body sometimes deteriorates upon taking damage.
You are somewhat resistant to further mutation.
Your muscles are strong. (Str +2)


Message History

There is a stone staircase leading down here.
Your extra speed is starting to run out.
You feel yourself slow down.
There is an escape hatch in the ceiling here.
There is an escape hatch in the ceiling here.
A mysterious force pulls you upwards. The hatch slams shut behind you.
Level annotation: 2 transporters, Coron's ghost, weakling DDDe Your skin crawls.
You feel strong-willed.
You feel yourself speed up.
Aiming: Dig
Press: ? - help, Q - select action, (/) - cycle Shift-Dir - straight line A rock wall.
This square is covered in magical glow.
The rock shatters into small pieces.
You feel the effects of Trog's Hand fading.
There is a stone staircase leading up here.
You fly upwards.
There is a stone staircase leading down here.
There is a stone staircase leading down here.
Your skin stops crawling.
You feel less strong-willed.
There is an open door here.
There is a stone staircase leading up here.
You fly upwards.
There is a stone staircase leading down here.
Your extra speed is starting to run out.
There is a stone staircase leading up here.
You fly upwards.
There is a stone staircase leading down here.
You feel yourself slow down.
There is a stone staircase leading up here.
You fly upwards.
There is a stone staircase leading down here.
As you read the scroll of teleportation, it crumbles to dust.
You feel strangely unstable.
You feel the Orb delaying your translocation!
Your surroundings suddenly seem different.
A sun demon comes into view.
There is a staircase leading out of the dungeon here.
You have escaped!

#...##.........###..≈≈≈≈≈.##...
#...##.........###...≈≈...##...
#...'....................###.##
#...###.......>................
#...# #..........#.......###.#. #
#...###.#.....##.#.......# #... #
##......#........####'######### #
#).##..########## #.# #...#
####..##..#####8@8#####.#####...#
..........##.........##..........
#####.##..#8.........8#######....
##........#...8...8...# #....
#####...#.#8.........8# #####...#
#####...#.##........3####.......#
.......................##.....#.#
.###..........................#.#
.# #....#.####.#..##..........#.#


You could see a sun demon.

Vanquished Creatures
  2 dread liches
  8 orbs of fire
  4 ancient liches
  4 juggernauts
  Bai Suzhen (Depths:1)
  6 Killer Klowns
  Saint Roka (Vaults:4)
  Jory (Vaults:5)
  4 caustic shrikes (Depths:4)
  3 curse toes
  19 golden dragons
  the Enchantress (Depths:2)
  4 bone dragons
  3 electric golems
  25 tentacled monstrosities
  A Hell Sentinel (Vaults:3)
  A walking crystal tome (Depths:4)
  Rupert (D:14)
  6 titans
  5 liches
  26 Orb Guardians
  6 quicksilver dragons
  Asterion (Spider:4)
  7 deep elf blademasters
  2 walking frostbound tomes (Depths:4)
  6 deep elf master archers
  A sphinx (shapeshifter) (Depths:4)
  4 walking divine tomes
  8 sphinxes
  A kraken (Shoals:2)
  Frances (Spider:1)
  An ancient champion (WizLab)
  4 acid blobs
  15 death cobs
  6 tengu reavers
  17 storm dragons
  Agnes (Elf:1)
  13 shadow dragons
  Ilsuiw (Shoals:2)
  6 draconian knights
  3 rockslimes (Slime:1)
  11 fire giants
  7 frost giants
  A fenstrider witch (shapeshifter) (Vaults:5)
  9 draconian monks
  5 azure jellies
  6 draconian scorchers
  16 vault wardens
  10 iron dragons
  5 emperor scorpions
  5 orc warlords
  7 deep elf sorcerers
  4 draconian shifters
  10 ghost moths
  7 draconian annihilators
  5 spriggan defenders
  An angel (D:14)
  2 balrugs (Depths:2)
  5 draconian stormcallers
  3 quicksilver oozes
  2 broodmothers (Spider:4)
  17 ironbound preservers
  15 stone giants
  3 deep elf elementalists (Elf:3)
  20 very ugly things
  5 ironbound thunderhulks
  4 war gargoyles
  7 green draconians
  2 vampire knights (Depths:2)
  6 grey draconians
  5 black draconians
  4 entropy weavers
  9 deep elf annihilators
  13 dire elephants
  2 deep elf demonologists
  11 purple draconians
  16 red draconians
  A spark wasp (shapeshifter) (Depths:4)
  9 yellow draconians
  11 spark wasps
  7 white draconians
  2 crystal guardians
  10 merfolk impalers
  11 ettins
  5 deep elf death magi
  10 yaktaur captains
  A blizzard demon (Depths:2)
  8 fire dragons
  3 merfolk javelineers
  5 deep elf high priests
  32 vault guards
  5 ice dragons
  3 peacekeepers
  A jorogumo (Spider:3)
  10 boulder beetles
  Fannar (Orc:1)
  Harold (D:11)
  13 hydras
  6 spriggan air magi
  14 great orbs of eyes
  2 ghost crabs (Spider:4)
  6 merfolk avatars
  Erica (D:8)
  2 ogre magi
  An anaconda (shapeshifter) (Depths:4)
  5 ironbound frosthearts
  A merfolk aquamancer (Shoals:1)
  2 death knights
  30 dancing weapons
  12 deep troll shamans
  2 radroaches
  24 centaur warriors
  11 two-headed ogres
  5 death yaks (Lair:6)
  4 orc high priests
  4 satyrs
  2 alligator snapping turtles
  A death scarab (Spider:3)
  2 deep troll earth magi
  A two-headed ogre (shapeshifter) (Vaults:5)
  3 vampire magi
  6 tengu warriors
  A titan zombie (Depths:3)
  3 sun demons (Depths:2)
  4 spriggan berserkers
  9 deep elf knights
  Nergalle (Orc:1)
  12 hell knights
  A soul eater (Depths:2)
  Urug (Orc:1)
  2 fire crabs (shapeshifter)
  A titan skeleton (Depths:2)
  2 sun moths
  4 pharaoh ants
  12 skeletal warriors
  2 shadow wraiths
  2 iron trolls (Depths:1)
  13 sea snakes
  A sea snake (shapeshifter) (Vaults:4)
  4 glowing orange brains
  7 steelbarb worms
  11 deep elf archers
  12 orb spiders
  43 deep trolls
  A tengu zombie (D:15)
  An obsidian statue (Zot:5)
  25 ironbound convokers
  2 swamp dragons (shapeshifter)
  5 flayed ghosts
  17 wizards
  18 orc knights
  22 wolf spiders
  4 bog bodies (Shoals:1)
  A golden dragon skeleton (Vaults:4)
  32 harpies
  21 deep elf pyromancers
  9 necromancers
  An iron dragon zombie (Depths:3)
  8 phantasmal warriors
  4 orc sorcerers
  6 cyclopes
  A stone giant zombie (Vaults:4)
  21 deep elf zephyrmancers
  17 lindwurms
  36 moths of wrath
  59 ugly things
  A manticore (shapeshifter) (Vaults:5)
  A shadow dragon skeleton (Depths:2)
  A sphinx skeleton (Depths:3)
  22 manticores
  3 shining eyes
  A faun (shapeshifter) (Depths:2)
  An iron dragon skeleton (D:15)
  19 elephants
  23 fauns
  An elephant (shapeshifter) (Depths:4)
  13 merfolk sirens
  25 vault sentinels
  6 black mambas
  10 water nymphs
  Maurice (D:9)
  3 torpor snails
  Joseph (D:8)
  2 ice statues (IceCv)
  14 cane toads
  3 gargoyles
  2 human zombies
  2 eyes of devastation
  2 molten gargoyles (Lair:6)
  2 smoke demons (Depths:2)
  A kobold demonologist (D:8)
  A cane toad (shapeshifter) (Elf:1)
  15 demonic crawlers
  20 komodo dragons
  A rime drake (Lair:5)
  2 efreet
  2 guardian mummies
  16 yaktaurs
  3 tengu conjurers
  2 komodo dragons (shapeshifter)
  2 yaktaur skeletons (Vaults:4)
  2 freezing wraiths (D:15)
  2 entropy weaver simulacra (IceCv)
  A queen bee (Lair:2)
  28 merfolk
  16 meliai
  A meliai (shapeshifter) (D:13)
  12 trolls
  5 polar bears
  A hornet (shapeshifter) (Vaults:5)
  3 tyrant leeches (Spider:4)
  A hornet (Depths:2)
  Prince Ribbit (D:8)
  14 snapping turtles
  An ettin zombie (D:15)
  9 wind drakes
  A frost giant simulacrum (Depths:3)
  28 tarantellas
  3 dream sheep (Shoals:4)
  A human simulacrum (Vaults:4)
  A raiju (shapeshifter) (D:9)
  21 blink frogs
  A culicivora (shapeshifter) (Vaults:5)
  84 slime creatures
  3 air elementals
  26 jumping spiders
  18 water elementals
  2 ynoxinuls (Depths:2)
  51 yaks
  3 spriggans
  5 shadows
  20 culicivoras
  A spriggan (shapeshifter) (Spider:3)
  15 humans (D:14)
  8 vampires
  A centaur simulacrum (D:12)
  3 ettin skeletons
  Eustachio (D:4)
  8 wyverns
  An elf zombie (Vaults:3)
  12 basilisks
  3 wraiths
  A yaktaur simulacrum (Vaults:4)
  37 redbacks
  2 steam dragons
  18 vampire mosquitoes
  4 fire elementals
  7 wargs
  4 demonic crawler simulacra (IceCv)
  2 acid dragons
  2 human skeletons (Depths:2)
  A naga (shapeshifter) (Vaults:5)
  19 water moccasins
  4 two-headed ogre zombies (WizLab)
  3 hell hounds (Lair:6)
  6 floating eyes
  2 sky beasts
  An ugly thing simulacrum (IceCv)
  2 black bears (Lair:1)
  2 necrophages
  54 orc warriors
  16 ogres
  20 wolves
  11 centaurs
  A kobold brigand (D:8)
  2 gnoll sergeants (D:8)
  17 bullfrogs
  3 scorpions
  4 glowing shapeshifter simulacra (IceCv)
  2 earth elementals
  A water moccasin skeleton (D:5)
  8 troll zombies (WizLab)
  43 killer bees
  17 wights
  2 electric eels
  5 howler monkeys
  5 centaur zombies
  4 lava snakes (Lair:6)
  3 hounds
  16 jellies
  An iron imp (Spider:1)
  A gnoll shaman (D:9)
  19 orc priests
  Jessica (D:2)
  24 orc wizards
  3 killer bee zombies
  5 ogre zombies (WizLab)
  2 howler monkey zombies (D:9)
  Robin (D:2)
  17 gnolls
  8 adders
  A howler monkey skeleton (D:4)
  2 shadow imps
  4 white imps
  An ufetubus (D:6)
  A worm (D:4)
  78 orcs
  6 bats
  9 endoplasms
  5 giant cockroaches
  25 goblins
  21 hobgoblins
  8 jackals
  8 kobolds
  5 quokkas
  13 ball pythons
  6 frilled lizards (D:1)
  6 rats
  2 tentacles (Shoals:2)
2521 creatures vanquished.

Vanquished Creatures (collateral kills)
  A yellow draconian (Zot:1)
  A sun demon (Depths:1)
2 creatures vanquished.

Vanquished Creatures (others)
  A tentacled monstrosity (Zot:4)
  A quicksilver dragon (Zot:5)
  A walking frostbound tome (Depths:2)
  A draconian knight (Zot:2)
  A draconian annihilator (Zot:2)
  A hydra (D:9)
  A satyr (Shoals:4)
  A deep elf knight (Elf:2)
  A flayed ghost (Depths:4)
  An acid dragon (Zot:4)
  An orc warrior (Vaults:5)
  An orc wizard (Orc:1)
  3 orcs (Elf:2)
  44 fungi
  277 plants
  10 tentacles (Shoals:2)
  6 withered plants (D:15)
352 creatures vanquished.

Grand Total: 2875 creatures vanquished

Notes
Turn   | Place    | Note
-------+----------+-------------------------------------------
     0 | D:1      | cbfl8 the Minotaur Berserker began the quest for the Orb.
     0 | D:1      | Reached XP level 1. HP: 19/19 MP: 0/0
   341 | D:1      | Reached XP level 2. HP: 27/27 MP: 1/1
  1124 | D:2      | Noticed Jessica
  1127 | D:2      | Killed Jessica
  1128 | D:2      | Reached XP level 3. HP: 34/34 MP: 2/2
  1128 | D:2      | Reached ** piety under Trog
  1178 | D:2      | Found an ancient bone altar of Kikubaaqudgha.
  1443 | D:2      | Found Ifreubym's Antique Armour Shoppe.
  1444 | D:2      | Noticed Robin
  1455 | D:2      | Killed Robin
  1456 | D:2      | Reached XP level 4. HP: 26/41 MP: 3/3
  2062 | D:3      | Reached skill level 1 in Stealth
  2070 | D:3      | Reached skill level 5 in Axes
  2075 | D:3      | Reached XP level 5. HP: 31/47 MP: 4/4
  2551 | D:3      | Reached *** piety under Trog
  2891 | D:4      | Noticed Eustachio
  2894 | D:4      | Killed Eustachio
  2895 | D:4      | Reached skill level 5 in Fighting
  2895 | D:4      | Reached XP level 6. HP: 56/56 MP: 5/5
  3067 | D:4      | Reached skill level 1 in Evocations
  3607 | D:4      | Reached **** piety under Trog
  4116 | D:5      | Entered Level 5 of the Dungeon
  4252 | D:5      | Identified the +7 ring mail of the Moon {Rampage rPois
                  | Slay-3}
  4260 | D:5      | Found a transporter.
  4261 | D:5      | Noticed Coron's ghost (weakling DDDe)
  4261 | D:5      | Noticed a water moccasin
  4262 | D:5      | Found a transporter.
  4318 | D:5      | Reached XP level 7. HP: 47/61 MP: 6/6
  5001 | D:5      | Found a staircase to the Ecumenical Temple.
  5007 | D:5      | Reached skill level 5 in Armour
  5227 | D:6      | Found Xuhaoppu's Antique Armour Shoppe.
  5268 | D:6      | Reached XP level 8. HP: 70/70 MP: 7/7
  5912 | D:7      | Reached skill level 1 in Shields
  6138 | D:7      | Reached XP level 9. HP: 79/79 MP: 8/8
  6226 | D:7      | Found a sparkling altar of Nemelex Xobeh.
  6302 | D:7      | Found a hide-covered altar of Uskayaw.
  6518 | D:8      | Noticed Erica
  6518 | D:8      | Noticed Joseph
  6525 | D:8      | Killed Erica
  6562 | D:8      | Killed Joseph
  6791 | D:8      | Reached skill level 10 in Axes
  6929 | D:8      | Reached skill level 5 in Evocations
  6929 | D:8      | Reached XP level 10. HP: 74/90 MP: 9/9
  6939 | D:8      | Identified the +1 robe "Bediorie" {Drain rElec Will+++
                  | MP+9}
  6946 | D:8      | Noticed a boulder beetle
  6960 | D:8      | Noticed a centaur warrior
  6969 | D:8      | Killed a centaur warrior
  6983 | D:8      | Killed a boulder beetle
  6984 | D:8      | Reached skill level 5 in Dodging
  7136 | D:8      | Noticed Prince Ribbit
  7149 | D:8      | Killed Prince Ribbit
  7201 | D:8      | Noticed a two-headed ogre
  7209 | D:8      | Killed a two-headed ogre
  7480 | D:8      | Reached skill level 5 in Shields
  7550 | D:8      | Found a snail-covered altar of Cheibriados.
  7551 | D:8      | Found an ornate altar of the Wu Jian Council.
  7762 | D:8      | Identified a scroll of acquirement
  7842 | D:9      | Found a flagged portal.
  7876 | Bailey   | Entered a bailey
  7897 | Bailey   | Noticed an orc knight
  7910 | Bailey   | Killed an orc knight
  8214 | Bailey   | Reached XP level 11. HP: 80/97 MP: 10/10
  8246 | Bailey   | Noticed an orc knight
  8264 | Bailey   | Killed an orc knight
  8482 | Bailey   | Noticed an orc knight
  8497 | Bailey   | Killed an orc knight
  8497 | Bailey   | Reached ***** piety under Trog
  8646 | Bailey   | Noticed an orc warlord
  8646 | Bailey   | Noticed an orc knight
  8668 | Bailey   | Killed an orc knight
  8669 | Bailey   | Reached skill level 10 in Armour
  8678 | Bailey   | Killed an orc warlord
  9144 | D:9      | Noticed a two-headed ogre
  9145 | D:9      | Noticed a boulder beetle
  9150 | D:9      | Killed a two-headed ogre
  9151 | D:9      | Reached skill level 10 in Fighting
  9158 | D:9      | Killed a boulder beetle
  9173 | D:9      | Killed a four-headed hydra
  9240 | D:9      | Noticed a deep elf pyromancer
  9246 | D:9      | Killed a deep elf pyromancer
  9338 | D:9      | Noticed a wizard
  9347 | D:9      | Killed a wizard
  9404 | D:9      | Noticed a death knight
  9417 | D:9      | Killed a death knight
  9493 | D:9      | Noticed Maurice
  9504 | D:9      | Killed Maurice
  9546 | D:9      | Reached XP level 12. HP: 81/107 MP: 11/11
  9788 | D:9      | Found a staircase to the Lair.
  9993 | D:9      | Found Epopho's Serpentskin Sales.
 10210 | D:10     | Entered Level 10 of the Dungeon
 10223 | D:10     | Noticed a two-headed ogre
 10229 | D:10     | Killed a two-headed ogre
 11238 | D:11     | Found a staircase to the Orcish Mines.
 11314 | D:11     | Noticed Harold
 11320 | D:11     | Killed Harold
 11340 | D:11     | Noticed a two-headed ogre
 11346 | D:11     | Killed a two-headed ogre
 11643 | D:11     | Noticed a five-headed hydra
 11653 | D:11     | Killed a ten-headed hydra
 11897 | D:11     | Identified the +1 leather armour of Resourcefulness {Harm
                  | Fly rC++ MP-9}
 12526 | D:12     | Noticed a centaur warrior
 12527 | D:12     | Noticed a boulder beetle
 12534 | D:12     | Found a frozen archway.
 12546 | IceCv    | Entered an ice cave
 12599 | IceCv    | Reached XP level 13. HP: 75/117 MP: 12/12
 12771 | IceCv    | Received a gift from Trog
 12816 | IceCv    | Noticed a quicksilver ooze
 12826 | IceCv    | Killed a quicksilver ooze
 12971 | IceCv    | Noticed a quicksilver ooze
 13244 | IceCv    | Killed a quicksilver ooze
 13284 | IceCv    | Noticed an azure jelly
 13294 | IceCv    | Killed an azure jelly
 13314 | IceCv    | Noticed an azure jelly
 13327 | IceCv    | Killed an azure jelly
 13353 | IceCv    | Found a viscous altar of Jiyva.
 13699 | D:12     | Found Nikkyito's Mayhem Merchandise.
 13828 | D:12     | Noticed Hector's ghost (journeyman DjWz)
 13838 | D:12     | Found a transporter.
 13935 | D:12     | Found a transporter.
 15348 | D:14     | Reached XP level 14. HP: 92/129 MP: 13/13
 15357 | D:14     | Received a gift from Trog
 15364 | D:14     | Reached skill level 15 in Axes
 15379 | D:14     | Found a gate to the Vaults.
 15392 | D:14     | Reached skill level 5 in Stealth
 15490 | D:14     | Found a flickering gateway to a bazaar.
 15501 | Bazaar   | Entered a bazaar
 15501 | Bazaar   | Found Ralaimum's Weapon Boutique.
 15501 | Bazaar   | Found Dahioschi's Jewellery Boutique.
 15581 | Bazaar   | Found Vibymm's Assorted Antiques.
 15630 | Bazaar   | Found Noheory's Weapon Boutique.
 15670 | Bazaar   | Bought the ring of Tatixy {rC+ Will+ Str-4 Int+8 Dex+6} for
                  | 951 gold pieces
 15725 | D:14     | Reached skill level 10 in Shields
 16015 | D:14     | Noticed Rupert
 16032 | D:14     | Killed Rupert
 16555 | D:14     | You fall into a shaft and drop 1 floor!
 16555 | D:15     | Entered Level 15 of the Dungeon
 16555 | D:15     | Found a staircase to the Depths.
 16656 | D:15     | Reached skill level 10 in Dodging
 16850 | D:14     | Identified the +3 whip "Plojy" {antimagic, rElec Str+2
                  | Int-4}
 17228 | D:15     | Found an ancient bone altar of Kikubaaqudgha.
 17275 | D:15     | Found a portal to a secret trove of treasure.
 17624 | D:15     | Received a gift from Trog
 18621 | Lair:1   | Entered Level 1 of the Lair of Beasts
 18790 | Lair:1   | Reached XP level 15. HP: 133/139 MP: 14/14
 19422 | Lair:1   | Found a blossoming altar of Fedhas.
 19840 | Lair:1   | Reached skill level 15 in Fighting
 19840 | Lair:1   | Reached XP level 16. HP: 149/149 MP: 15/15
 19932 | Lair:2   | Received a gift from Trog
 20677 | Lair:3   | Found a staircase to the Shoals.
 21853 | Lair:4   | Found a hole to the Spider Nest.
 22560 | Lair:5   | Received a gift from Trog
 22893 | Lair:5   | Found a staircase to the Slime Pits.
 23311 | Lair:6   | Entered Level 6 of the Lair of Beasts
 23963 | Lair:6   | Reached skill level 15 in Armour
 24040 | Lair:6   | Found a large runed translucent door.
 24040 | Lair:6   | Found a large runed translucent door.
 24048 | Lair:6   | Reached ****** piety under Trog
 24086 | Lair:6   | Reached XP level 17. HP: 158/158 MP: 16/16
 24464 | Orc:1    | Entered Level 1 of the Orcish Mines
 24475 | D:11     | Received a gift from Trog
 24757 | Orc:1    | Paralysed by an ogre mage for 7 turns
 24843 | Orc:1    | Paralysed by an ogre mage for 4 turns
 24864 | Orc:1    | Noticed Nergalle
 24874 | Orc:1    | Killed Nergalle
 25053 | Orc:2    | Entered Level 2 of the Orcish Mines
 25053 | Orc:2    | Found Ocotatonko's Antique Armour Emporium.
 25823 | Orc:1    | Received a gift from Trog
 26085 | Orc:1    | Reached skill level 15 in Shields
 26415 | Orc:2    | Found Begeav's Book Shop.
 26514 | Orc:2    | Found Masea's General Store.
 26585 | Orc:2    | Found a staircase to the Elven Halls.
 26620 | Orc:2    | Found Fysyh's Antique Weapon Shoppe.
 27108 | Orc:1    | Noticed Fannar
 27122 | Orc:1    | Killed Fannar
 27278 | Orc:1    | Noticed Urug
 27289 | Orc:1    | Killed Urug
 27664 | Spider:1 | Entered Level 1 of the Spider Nest
 27835 | Spider:1 | Acquired a +0 pair of boots of stealth
 27855 | Lair:4   | Acquired the +8 crystal plate armour of Asewia {rF+ rC+
                  | Int+4 SInv}
 28346 | Spider:1 | Noticed Frances
 28356 | Spider:1 | Killed Frances
 29234 | Spider:2 | Identified the +8 broad axe of Suyfeduf {vorpal, rElec
                  | Dex+4} (Trog gifted it to you on level 2 of the Spider
                  | Nest)
 29234 | Spider:2 | Received a gift from Trog
 30327 | Spider:3 | Gained mutation: You are clumsy. (Dex -2) [mutagenic glow]
 30752 | Spider:3 | Reached XP level 18. HP: 171/171 MP: 17/17
 31000 | Spider:4 | Entered Level 4 of the Spider Nest
 31156 | Shoals:1 | Entered Level 1 of the Shoals
 31223 | Shoals:1 | Received a gift from Trog
 32550 | Shoals:2 | Received a gift from Trog
 32791 | Shoals:2 | Noticed Ilsuiw
 32815 | Shoals:2 | Killed Ilsuiw
 33849 | Shoals:3 | Found Teemmu's Jewellery Emporium.
 33861 | Shoals:3 | Bought the amulet of the Four Winds {rN+ Will+++ Clar} for
                  | 614 gold pieces
 33861 | Shoals:3 | Found the amulet of the Four Winds {rN+ Will+++ Clar}
 34146 | Shoals:3 | Received a gift from Trog
 34194 | Shoals:3 | Found Gieqyukh's Weapon Shop.
 34818 | Shoals:3 | Found Tudovus's Weapon Shop.
 34871 | Shoals:4 | Entered Level 4 of the Shoals
 35006 | Shoals:4 | Identified the +10 broad axe of Meagires {pain, rN+ Str-5
                  | Stlth+}
 35450 | Shoals:4 | Identified the ring "Ugruekheo" {Fly rF++ Str-4 Int+6
                  | Dex+4}
 35452 | Shoals:4 | Found Gaqod's Jewellery Boutique.
 35900 | Shoals:4 | Received a gift from Trog
 35904 | Shoals:4 | Reached XP level 19. HP: 181/181 MP: 18/18
 36864 | Shoals:4 | Got a barnacled rune of Zot
 38317 | Spider:4 | Noticed Asterion
 38335 | Spider:4 | Killed Asterion
 39270 | Spider:4 | Received a gift from Trog
 39847 | Spider:4 | Got a gossamer rune of Zot
 40839 | Depths:1 | Entered Level 1 of the Depths
 41205 | Depths:1 | Received a gift from Trog
 41249 | Depths:1 | Noticed a golden dragon
 41286 | Depths:1 | Noticed Bai Suzhen
 41345 | Depths:1 | Killed Bai Suzhen
 41564 | Depths:1 | Reached XP level 20. HP: 171/193 MP: 19/19
 41814 | Depths:1 | Found a gateway to Hell.
 42117 | Depths:1 | Found Ipnuph's Book Shop.
 42118 | Depths:1 | Found Ehamao Qabe's Jewellery Shoppe.
 42118 | Depths:1 | Found Ripruogedd's Jewellery Shoppe.
 42531 | Depths:1 | Reached skill level 10 in Evocations
 43079 | Depths:2 | Paralysed by a floating eye for 2 turns
 43343 | Depths:2 | You fall into a shaft and drop 2 floors!
 43343 | Depths:4 | Entered Level 4 of the Depths
 43552 | Depths:4 | Noticed a golden dragon
 43565 | Depths:4 | Killed a golden dragon
 43713 | Depths:4 | Noticed a juggernaut
 43726 | Depths:4 | Killed a juggernaut
 43898 | Depths:4 | Found an iron altar of Okawaru.
 43901 | Depths:4 | Found a white marble altar of Elyvilon.
 43902 | Depths:4 | Found a hide-covered altar of Uskayaw.
 43926 | Depths:4 | Found a one-way gateway to a ziggurat.
 44073 | Depths:4 | Noticed a dread lich
 44085 | Depths:4 | Killed a dread lich
 44157 | Depths:4 | Noticed a caustic shrike
 44157 | Depths:4 | Noticed a caustic shrike
 44166 | Depths:4 | Killed a caustic shrike
 44167 | Depths:4 | Noticed a caustic shrike
 44168 | Depths:4 | Killed a caustic shrike
 44169 | Depths:4 | Noticed a juggernaut
 44169 | Depths:4 | Noticed a caustic shrike
 44175 | Depths:4 | Found a gate to the Realm of Zot.
 44984 | Depths:3 | Found a magical portal.
 44991 | WizLab   | Entered Zonguldrok's Shrine
 45188 | WizLab   | Received a gift from Trog
 45887 | WizLab   | Noticed an antique lich
 45893 | WizLab   | Killed an antique lich
 45963 | WizLab   | Found the +9 sword of Zonguldrok {reap}
 46590 | Depths:2 | Identified the +1 robe "Setemo" {rN++ Dex-3 SInv Archmagi}
 46692 | Depths:2 | Reached XP level 21. HP: 195/204 MP: 20/20
 46713 | Depths:2 | Noticed a juggernaut
 46730 | Depths:2 | Killed a juggernaut
 47146 | Depths:2 | Paralysed by a floating eye for 3 turns
 47149 | Depths:2 | Received a gift from Trog
 48092 | Depths:2 | Found a one-way gate leading to the halls of Pandemonium.
 48364 | Depths:3 | Noticed the Enchantress
 49003 | Depths:2 | Killed the Enchantress
 49328 | Depths:3 | Found a one-way gate to the infinite horrors of the Abyss.
 49873 | Depths:3 | Noticed a golden dragon
 50639 | Depths:3 | Killed a golden dragon
 50639 | Depths:3 | Received a gift from Trog
 50841 | Depths:3 | Found the +6 arbalest "Damnation" {damnation}
 51081 | Depths:4 | Noticed a golden dragon
 51092 | Depths:4 | Killed a golden dragon
 51129 | Depths:4 | Paralysed by a floating eye for 4 turns
 51398 | Depths:4 | Noticed a juggernaut
 51421 | Depths:4 | Killed a juggernaut
 52031 | Depths:4 | Killed a juggernaut
 52032 | Depths:4 | Killed a caustic shrike
 52032 | Depths:4 | Killed a caustic shrike
 52499 | Depths:4 | Paralysed by a floating eye for 4 turns
 52757 | Depths:4 | Noticed a golden dragon
 52766 | Depths:4 | Killed a golden dragon
 52767 | Depths:4 | Reached XP level 22. HP: 217/217 MP: 21/21
 53107 | Depths:4 | Identified the +1 robe of Insurance {Slay+3 Archmagi}
 53566 | Elf:1    | Entered Level 1 of the Elven Halls
 54298 | Elf:1    | Noticed Agnes
 54308 | Elf:1    | Killed Agnes
 54308 | Elf:1    | Received a gift from Trog
 55258 | Elf:2    | Paralysed by an air elemental for 1 turns
 55260 | Elf:2    | Paralysed by an air elemental for 1 turns
 55263 | Elf:2    | Paralysed by an air elemental for 1 turns
 55266 | Elf:1    | Paralysed by an air elemental for 1 turns
 55620 | Elf:2    | Paralysed by an air elemental for 1 turns
 55626 | Elf:2    | Paralysed by an air elemental for 1 turns
 55688 | Elf:2    | Identified the +6 trident "Mitsisou" {vorpal, rPois rF+
                  | Str+4 SInv}
 55693 | Elf:2    | Identified the ring of the Shining Light {rC+ Int+4 Stlth+}
 55854 | Elf:2    | Found a runed translucent gate.
 55854 | Elf:2    | Found a runed translucent gate.
 56014 | Elf:2    | Paralysed by an air elemental for 1 turns
 56043 | Elf:2    | Found a runed translucent gate.
 56146 | Elf:2    | Received a gift from Trog
 56993 | Elf:3    | Entered Level 3 of the Elven Halls
 58014 | Elf:3    | Received a gift from Trog
 58445 | Elf:3    | Identified the +7 scythe of Fee Simple {antimagic, rPois
                  | rN++ Str+3 Dex-3}
 58445 | Elf:3    | Identified the ring "Sola Zaenni" {rPois rCorr AC+4 Int+2}
 58999 | Elf:3    | Identified the amulet of Creativity {Acrobat rF+ rN+}
 59055 | Elf:3    | Identified the ring "Pesedo" {Ice rElec MP+9}
 59507 | Elf:3    | Identified the +10 falchion of Courage {vamp, Dex+2}
 59507 | Elf:3    | Identified the ring "Fastal" {rN+ Str+4}
 59551 | Elf:3    | Identified the ring "Plog" {MP+9 Int+5}
 60395 | Slime:1  | Entered Level 1 of the Pits of Slime
 60712 | Slime:1  | Gained mutation: You are weak. (Str -2) [a shining eye]
 60715 | Slime:1  | Gained mutation: You are dopey. (Int -2) [a shining eye]
 60716 | Slime:1  | Gained mutation: You are very dopey. (Int -4) [a shining
                  | eye]
 60726 | Slime:1  | Reached XP level 23. HP: 144/204 MP: 22/22
 61817 | Slime:2  | Gained mutation: You occasionally shout uncontrollably at
                  | your foes. [a shining eye]
 61818 | Slime:2  | Gained mutation: Potions are less effective at restoring
                  | your health. [a shining eye]
 61922 | Slime:1  | Lost mutation: You are clumsy. (Dex -2) [potion of
                  | mutation]
 61922 | Slime:1  | Lost mutation: You are weak. (Str -2) [potion of mutation]
 61922 | Slime:1  | Gained mutation: You possess an exceptional clarity of
                  | mind. [potion of mutation]
 61922 | Slime:1  | Gained mutation: You are agile. (Dex +2) [potion of
                  | mutation]
 61923 | Slime:1  | Lost mutation: Potions are less effective at restoring your
                  | health. [potion of mutation]
 61923 | Slime:1  | Lost mutation: You occasionally shout uncontrollably at
                  | your foes. [potion of mutation]
 61923 | Slime:1  | Lost mutation: You are very dopey. (Int -4) [potion of
                  | mutation]
 61923 | Slime:1  | Gained mutation: You have a somewhat thin skeletal
                  | structure. (Dex +2, Stealth+) [potion of mutation]
 61923 | Slime:1  | Gained mutation: You do not regenerate when monsters are
                  | visible. [potion of mutation]
 61923 | Slime:1  | Lost mutation: You are agile. (Dex +2) [potion of mutation]
 61923 | Slime:1  | Gained mutation: You are resistant to electric shocks.
                  | (rElec) [potion of mutation]
 61924 | Slime:1  | Lost mutation: You do not regenerate when monsters are
                  | visible. [potion of mutation]
 61924 | Slime:1  | Lost mutation: You have a somewhat thin skeletal structure.
                  | (Dex +2, Stealth+) [potion of mutation]
 61924 | Slime:1  | Lost mutation: You are dopey. (Int -2) [potion of mutation]
 61924 | Slime:1  | Gained mutation: You are somewhat resistant to further
                  | mutation. [potion of mutation]
 61924 | Slime:1  | Gained mutation: You are partially covered in iridescent
                  | scales. (AC +2) [potion of mutation]
 62247 | Slime:2  | Paralysed by a floating eye for 4 turns
 62256 | Slime:2  | Paralysed by a floating eye for 4 turns
 62266 | Slime:2  | Paralysed by a floating eye for 4 turns
 62273 | Slime:1  | Paralysed by a floating eye for 3 turns
 62771 | Slime:2  | Gained mutation: Your magical capacity is low. (-10% MP) [a
                  | shining eye]
 62774 | Slime:2  | Gained mutation: You do not regenerate when monsters are
                  | visible. [a shining eye]
 62807 | Slime:2  | Lost mutation: Your magical capacity is low. (-10% MP)
                  | [potion of mutation]
 62807 | Slime:2  | Lost mutation: You are resistant to electric shocks.
                  | (rElec) [potion of mutation]
 62808 | Slime:2  | Lost mutation: You are somewhat resistant to further
                  | mutation. [potion of mutation]
 62808 | Slime:2  | Lost mutation: You are partially covered in iridescent
                  | scales. (AC +2) [potion of mutation]
 62808 | Slime:2  | Lost mutation: You do not regenerate when monsters are
                  | visible. [potion of mutation]
 62808 | Slime:2  | Gained mutation: You are somewhat resistant to further
                  | mutation. [potion of mutation]
 63116 | Vaults:1 | Entered Level 1 of the Vaults
 63256 | Vaults:1 | Received a gift from Trog
 63665 | Vaults:1 | Reached skill level 27 in Shields
 64672 | Vaults:2 | Identified the +5 war axe of Trog's Scorn {flame, Fragile
                  | Will+ Dex+7 SInv} (Trog gifted it to you on level 2 of the
                  | Vaults)
 64672 | Vaults:2 | Received a gift from Trog
 65060 | Vaults:2 | Found Gaodoaj's General Store.
 65094 | Vaults:2 | Bought a scroll of teleportation for 48 gold pieces
 65175 | Vaults:2 | Found Kadwelan's Assorted Antiques.
 65183 | Vaults:2 | Bought a potion of curing for 120 gold pieces
 65269 | Vaults:2 | Found Gosaar's Book Shoppe.
 65717 | Vaults:2 | Found Wuosic's Weapon Shop.
 65978 | Vaults:2 | Received a gift from Trog
 66497 | Vaults:3 | Found a transporter.
 66512 | Vaults:3 | Noticed Droegar's ghost (adept MiBe)
 66534 | Vaults:3 | Found a transporter.
 67007 | Vaults:3 | Received a gift from Trog
 67633 | Vaults:3 | Reached XP level 24. HP: 235/243 MP: 22/22
 67881 | Vaults:3 | Found Lozak's Distillery.
 67891 | Vaults:3 | Bought a potion of invisibility for 112 gold pieces
 67891 | Vaults:3 | Bought a potion of heal wounds for 70 gold pieces
 67891 | Vaults:3 | Bought a potion of heal wounds for 70 gold pieces
 67891 | Vaults:3 | Bought a potion of invisibility for 112 gold pieces
 68095 | Vaults:4 | Found a large runed translucent door.
 68095 | Vaults:4 | Found a large runed translucent door.
 68097 | Vaults:4 | Noticed dolemite99's ghost (veteran DrFE)
 68117 | Vaults:4 | Noticed Saint Roka
 68149 | Vaults:4 | Killed Saint Roka
 68811 | Vaults:4 | Received a gift from Trog
 69445 | Vaults:4 | Found Afoh's Assorted Antiques.
 69453 | Vaults:4 | Bought a scroll labelled OFUARCHUOLO for 34 gold pieces
 69611 | Vaults:4 | Received a gift from Trog
 70002 | Vaults:4 | Identified the +4 plate armour of Refuge {rElec Int+2 Dex-3
                  | Slay+2}
 70022 | Vaults:5 | Entered Level 5 of the Vaults
 70247 | Vaults:5 | Noticed Jory
 70310 | Vaults:5 | Killed Jory
 70328 | Vaults:5 | Received a gift from Trog
 70539 | Vaults:5 | Identified the +11 quarterstaff "Rileangima" {flame, rElec
                  | rN+ rCorr Dex+4}
 70539 | Vaults:5 | Identified the ring of Doubts {Fly Str+3 Slay+2}
 71175 | Vaults:5 | Reached skill level 27 in Fighting
 71650 | Vaults:5 | Received a gift from Trog
 71865 | Vaults:5 | Identified the amulet "Govedgh" {Faith Will+}
 71876 | Vaults:5 | Reached XP level 25. HP: 257/257 MP: 22/22
 71933 | Vaults:5 | Received a gift from Trog
 72890 | Vaults:5 | Got a silver rune of Zot
 73711 | Slime:5  | Entered Level 5 of the Pits of Slime
 74262 | Zot:1    | Entered Level 1 of the Realm of Zot
 74665 | Depths:4 | Received a gift from Trog
 74896 | Depths:4 | Reached skill level 27 in Axes
 78438 | Zot:1    | Received a gift from Trog
 79333 | Zot:1    | Noticed a dread lich
 79354 | Zot:1    | Killed a dread lich
 80222 | Zot:2    | Identified the +3 ring mail of the Game Afoot {Rampage}
 80397 | Zot:2    | Reached XP level 26. HP: 266/266 MP: 22/22
 80569 | Zot:2    | Found a runed translucent gate.
 80569 | Zot:2    | Found a runed translucent gate.
 80569 | Zot:2    | Found a runed translucent gate.
 80569 | Zot:2    | Found an opulent altar of Gozag.
 80572 | Zot:2    | Found Terar's Assorted Antiques.
 80573 | Zot:2    | Noticed Ytatz's ghost (veteran CeHu)
 80589 | Zot:2    | You are sucked into a shaft and drop 1 floor!
 80634 | Zot:2    | Noticed an orb of fire
 80659 | Zot:2    | Gained mutation: Your body sometimes deteriorates upon
                  | taking damage. [an orb of fire]
 81133 | Zot:1    | Killed an orb of fire
 82172 | Zot:2    | Identified the +6 war axe of the Original Sin {antimagic,
                  | rC+} (Trog gifted it to you on level 2 of the Realm of Zot)
 82172 | Zot:2    | Received a gift from Trog
 83691 | Zot:3    | Reached skill level 27 in Armour
 85267 | Zot:4    | Identified the +6 falchion of Accord {venom, +Blink Int+4}
 85886 | Zot:4    | Received a gift from Trog
 86391 | Zot:5    | Entered Level 5 of the Realm of Zot
 88486 | Zot:5    | Noticed an orb of fire
 88507 | Zot:5    | Killed an orb of fire
 88558 | Zot:5    | Noticed an orb of fire
 88585 | Zot:5    | Killed an orb of fire
 88588 | Zot:5    | Reached XP level 27. HP: 236/273 MP: 22/22
 88677 | Zot:5    | Noticed an ancient lich
 88691 | Zot:5    | Killed an ancient lich
 88692 | Zot:5    | Reached skill level 10 in Stealth
 88906 | Zot:5    | Noticed an orb of fire
 88932 | Zot:5    | Gained mutation: Your muscles are strong. (Str +2) [an orb
                  | of fire]
 88937 | Zot:5    | Killed an orb of fire
 89050 | Zot:5    | Noticed an ancient lich
 89063 | Zot:5    | Killed an ancient lich
 89190 | Zot:5    | Received a gift from Trog
 89585 | Zot:5    | Noticed an orb of fire
 89593 | Zot:5    | Gained mutation: You are dopey. (Int -2) [an orb of fire]
 89605 | Zot:5    | Killed an orb of fire
 89689 | Zot:5    | Noticed an orb of fire
 89694 | Zot:5    | Lost mutation: You are dopey. (Int -2) [an orb of fire]
 89719 | Zot:5    | Killed an orb of fire
 89847 | Zot:5    | Noticed an orb of fire
 89854 | Zot:5    | Noticed an ancient lich
 89864 | Zot:5    | Noticed an orb of fire
 89865 | Zot:5    | Killed an ancient lich
 89870 | Zot:5    | Killed an orb of fire
 89888 | Zot:5    | Killed an orb of fire
 90406 | Zot:5    | ENTER THIRD ONE
 91232 | Zot:5    | Got the Orb of Zot
 91307 | Zot:2    | Noticed Ocsawon the pandemonium lord
 91515 | D:15     | Noticed a seraph
 91877 | D:$      | Escaped with the Orb!

Illustrated notes

..##.# ######.........#
.....#### #.........##
........# #..........#
........# #......)...#
........# #..........#
#⌠...#############...^#######
###.^.........⌠...[...#########
..†...........................#
.....<..........@....#####....#
.⌠.###...###....###### #....#
..####...# ##...# #.<..#
.....##### ##### #.#### ......#
##### #.# ......# #...# #.#
..#...# #...# #.# ..##### #...#
#.# ..# #...# #.#


Turn 90406 on Zot:5: ENTER THIRD ONE

Levels and vault maps discovered:
D:1:      mrwooster_arrival_statue_2, layout_basic, minmay_lizard_pond
D:2:      layout_basic, serial_shops, nicolae_shop_stone, basic_altar,
          uniq_jessica, uniq_robin
D:3:      layout_rooms, st_stairs_1, minmay_misc_feat_more_columns
D:4:      minmay_inner_zag, layout_basic, uniq_eustachio
D:5:      layout_loops_ring, minmay_temple_entry_purple_smoke,
          gammafunk_ghost_arena
D:6:      layout_loops_ring, serial_shops, kennysheep_mini,
          roderic_roman_lattice, hangedman_decor_peaks_small
D:7:      layout_cave_pools, kennysheep_mini_moat, nicolae_uskayaw_dance_hall
D:8:      layout_loops_ring, gammafunk_temple_overflow_statue,
          minmay_pinched_square, uniq_erica, uniq_prince_ribbit1, uniq_joseph
D:9:      minmay_the_grid_octo_triangle [minmay_the_grid_octo_horde,
          minmay_the_grid_octo_prize_single_spiral,
          minmay_the_grid_octo_toaster], layout_rooms, erik_lair_dragon,
          enter_bailey_2, small_chamber_with_monster, guppyfry_shop_venom,
          uniq_maurice
D:10:     layout_basic, moated_statue
D:11:     layout_stronghold, erik_orc_3, kennysheep_generic_room_2, uniq_harold
D:12:     layout_long_grid, portal_ice_cave_entry_pillars_1,
          gammafunk_ghost_stat_death, minmay_shop_mayhem,
          onia_ninara_dug_in_and_dangerous
D:13:     layout_irregular_city
D:14:     layout_stronghold, david_vaults_3, minmay_hedge_maze, serial_shops,
          freezing_bzr, minmay_starry_boxes
D:15:     gammafunk_depths_entry_grave, layout_loops_ring, basic_altar,
          nicolae_trove_entry_columns, minmay_misc_feat_alley, drop_trap,
          chequers_serial_rivers_micro_d
Lair:1:   layout_layer_cave, basic_altar, serial_bayou_pond_d,
          gammafunk_lair_bear_cave
Lair:2:   layout_misc_corridors, special_room [special_room_bee],
          lemuel_fruit_tree, grunt_megastairs_4, infiniplex_staircase_pool_2,
          lemuel_fruit_fields, serial_bayou_shore_a
Lair:3:   layout_chaotic_city, elwin_shoals_entry_stream
Lair:4:   layout_cave_pods, hellmonk_spider_entry_not_the_bees
Lair:5:   layout_cave_pods, minmay_slime_entry_jelly_boxes
Lair:6:   cheibrodos_lair_end_hotspot, layout_loops_ring
Shoals:1: cheibrodos_shoals_roost, layout_shoals, nicolae_shoals_secluded_bog
Shoals:2: layout_shoals, centaur_isle, uniq_ilsuiw
Shoals:3: layout_shoals, serial_shops, nicolae_shop_trees,
          nicolae_shop_bloodbath_and_beyond, nicolae_shop_hallway_plus
Shoals:4: shoals_end_grunt_garden, layout_shoals, serial_shops,
          nicolae_shop_statue_plus
Spider:1: layout_spider_delve, nicolae_crawler_farm, uniq_frances
Spider:2: layout_chambers, nicolae_spider_twisty_arc_passages,
          hangedman_spider_tarantella_strand
Spider:3: layout_spider_delve, hellmonk_deceptive_appearances
Spider:4: guppyfry_spider_rune, nicolae_spider_swamp_cousins, uniq_asterion
Slime:1:  layout_caves, nicolae_slime_barrier
Slime:2:  layout_caves, cheibrodos_slime_lost_civilization_5
Slime:3:  layout_caves
Slime:4:  layout_caves, nicolae_slime_phagocytosis
Slime:5
Orc:1:    layout_diamond_mine, basic_altar, uniq_nergalle, uniq_fannar,
          uniq_urug
Orc:2:    grunt_orc_gardens, layout_caves, grunt_orc_garden, grunt_orc_garden,
          grunt_orc_garden, grunt_orc_garden, basic_altar
Elf:1:    elf_arrival_002, layout_loops_corners, uniq_agnes
Elf:2:    elven_hall_of_blades_hangedman_original
          [nicolae_blade_entry_sentries_behind_glass], layout_gridlike,
          nicolae_elf_w_pinch
Elf:3:    minmay_elf_hall, layout_loops_cross
Vaults:1: v_misc_13, nicolae_vaults_mini_display_case, nicolae_vaults_asterisk,
          vaults_mumra_chevron_long, ontoclasm_vaults_ring_small,
          nicolae_vaults_little_squares_4, nicolae_vaults_circle_grid_b,
          grunt_vaults_diagonal, nicolae_vaults_ring_of_whatevers,
          nicolae_vaults_network_quinsquares
          [nicolae_vaults_network_quincunx_subvault,
          nicolae_vaults_network_quincunx_subvault,
          nicolae_vaults_network_quincunx_subvault,
          nicolae_vaults_network_quincunx_subvault], vaults_room_hallway,
          grunt_vaults_hallway_long, nicolae_vaults_ring_of_whatevers,
          nicolae_vaults_windows_and_doors_thing, vaults_room_large_hall,
          ontoclasm_vaults_hangar, nicolae_vaults_sealed_display,
          layout_vaults_ring
Vaults:2: ontoclasm_vaults_loading_screen, hangedman_vaults_cutoff,
          nicolae_vaults_three_branches, special_room_vaults [special_room_orc],
          ontoclasm_vaults_bender, vaults_room_grid, hangedman_vaults_unwind,
          v_rooms_2, nicolae_vaults_big_ls, nicolae_vaults_alarming,
          layout_vaults_chaotic_city, serial_shops,
          nicolae_shop_advertising_works [nicolae_subvault_shop_adworks], shop,
          shop, nicolae_shop_statue_plus
Vaults:3: gammafunk_ghost_abyssal_escape, st_quartered_hall, v_misc_19,
          ontoclasm_vaults_decontamination, minmay_crypt_entry_vampire_xt,
          ontoclasm_vaults_fault, v_misc_16, layout_vaults_omnigrid,
          serial_shops, shop_fountains
Vaults:4: ebering_ghost_disaster_area, v_rooms_5, nicolae_vaults_network_star,
          v_misc_22, vaults_mumra_bighexcomb, v_misc_5,
          nicolae_vaults_circle_grid_a, nicolae_vaults_diagonal_hallway_8,
          v_misc_3, hangedman_vaults_slither, grunt_vaults_hallway_short,
          v_misc_24, vaults_room_door_hall, nicolae_vaults_ring_of_whatevers,
          nicolae_vaults_angled_halls, layout_vaults_maze_bifur, serial_shops,
          shop, uniq_saint_roka
Vaults:5: serial_shops, uniq_jory
Depths:1: layout_basic, minmay_misc_feat_roman, grunt_hell_entry_dis_old,
          eino_small_chamber_without_monster, kennysheep_another_room,
          minivault_12, grunt_megastairs_2, minmay_shop_grove, uniq_bai_suzhen
Depths:2: minmay_central_circle, layout_cave_shapes, lightli_too_deep,
          fountainhead, rand_demon_pan_entry_3, minmay_staircase_windowed_small
Depths:3: kennysheep_bubble_arena, layout_cave_pools, mu_enter_wizlab_4,
          pf_vacation_house_of_asmodeus, abyss_entry, serial_co_window_serial,
          co_window_paths_a, co_window_paths_b, co_window_cross_1,
          co_window_paths_a, co_window_paths_b, co_window_corner_a,
          co_window_paths_b, co_window_corner_b, co_window_of_opportunity_b,
          co_window_paths_c, glass_columns_a, glass_columns_a, glass_columns_a,
          glass_columns_a, uniq_enchantress
Depths:4: hangedman_slaughterboxes, hell_entry
Zot:1:    ebering_greatest_show_in_zot, layout_misc_corridors, st_stairs_4,
          hangedman_player_shredder
Zot:2:    layout_gridlike, ebering_ghost_gozag
Zot:3:    layout_onion_interference, zot_minivault_1
Zot:4:    layout_gridville, st_large_dragon_hoard_2
Zot:5:    layout_misc_corridors

Skill      XL: |  1  2  3  4  5  6  7  8  9 10 11 12 13 14 15 16 17 18 19 20 21 22 23 24 25 26 27 |
---------------+----------------------------------------------------------------------------------+-----
Fighting       | 4 5 6 7 8 9 10 11 13 14 15 16 17 18 20 21 22 23 25 27 | 27.0
Axes           | 4 5 6 7 8 10 11 12 13 14 16 17 18 19 20 21 23 25 27 | 27.0
Stealth        | 1 3 4 5 6 9 13 | 13.8
Dodging        | 3 4 5 6 8 9 10 12 14 | 14.7
Armour         | 3 4 5 6 8 9 11 12 13 15 16 17 18 19 20 21 25 27 | 27.0
Evocations     | 1 2 4 5 6 7 8 9 10 11 14 | 14.8
Shields        | 2 3 5 7 8 9 11 14 17 20 22 23 25 26 27 | 27.0

Action                   |  1- 3 |  4- 6 |  7- 9 | 10-12 | 13-15 | 16-18 | 19-21 | 22-24 | 25-27 || total
-------------------------+-------+-------+-------+-------+-------+-------+-------+-------+-------++-------
Melee: Hand axe          |    62 |    15 |       |       |       |       |       |       |       ||    77
       Headbutt          |     6 |    20 |    38 |   117 |   168 |   423 |   606 |   749 |   744 ||  2871
       Broad axe         |       |   112 |   190 |   442 |   590 |  1742 |  1864 |  2114 |  1869 ||  8923
       Punch             |       |     2 |       |       |       |       |       |       |       ||     2
       War axe           |       |       |       |       |       |       |       |       |    22 ||    22
Invok: Berserk           |       |     1 |     4 |    11 |     9 |     8 |    16 |     7 |    20 ||    76
       Trog's Hand       |       |       |     2 |     3 |     2 |     3 |     6 |     3 |    14 ||    33
       Brothers in Arms  |       |       |       |     1 |       |       |       |       |     4 ||     5
Evoke: Wand              |       |       |       |    12 |     6 |     6 |     6 |     9 |    19 ||    58
       Phantom mirror    |       |       |       |       |       |       |       |       |     1 ||     1
  Use: Scroll            |       |     2 |     6 |     5 |    13 |    23 |    19 |     9 |    20 ||    97
       Potion            |       |       |       |     3 |     2 |     3 |       |     9 |    23 ||    40
 Stab: Sleeping          |     3 |       |       |       |       |       |       |       |       ||     3
       Paralysed         |       |       |       |    11 |       |       |       |       |       ||    11
       Distracted        |       |       |       |     1 |     1 |       |     4 |       |       ||     6
Armor: Animal skin       |    12 |     1 |       |       |       |       |       |       |       ||    13
       Scale mail        |       |    65 |    12 |       |       |       |       |       |       ||    77
       Plate armour      |       |       |   108 |   213 |   299 |   322 |       |       |       ||   942
       Ice dragon scales |       |       |       |    13 |    71 |       |       |       |       ||    84
       Crystal plate arm |       |       |       |       |       |   581 |   566 |   493 |   690 ||  2330
Dodge: Dodged            |    44 |    84 |    88 |   156 |   287 |   641 |   317 |   265 |   347 ||  2229
Block: Buckler           |       |       |    55 |    26 |       |       |       |       |       ||    81
       Kite shield       |       |       |       |   213 |       |       |       |       |       ||   213
       Tower shield      |       |       |       |    21 |   672 |  2604 |  1892 |  2285 |  2339 ||  9813
